 Dungeon Crawl Stone Soup version 0.30.1-8-g117510f58f (webtiles) character file.

Game seed: 11999440257032282449

4784 monsoonserge the Shield-Bearer (level 10, -14/74 HPs)
             Began as a Demonspawn Monk on Sept 24, 2023.
             Was an Elder of Okawaru.
             Demolished by Erolcha
             ... wielding a +0 spectral giant spiked club
              (30 damage)
             ... on level 9 of the Dungeon.
             The game lasted 00:24:26 (7970 turns).

monsoonserge the Shield-Bearer (Demonspawn Monk)    Turns: 7970, Time: 00:24:27

Health: -14/74     AC: 11    Str: 12    XL:     10   Next: 24%
Magic:  12/14      EV: 20    Int: 11    God:    Okawaru [****..]
Gold:   533        SH: 20    Dex: 26    Spells: 9/9 levels left

rFire   . . .        T - +1 short sword (drain)
rCold   . . .        z - +0 kite shield
rNeg    + . .        d - +0 steam dragon scales
rPois   .            (helmet restricted)
rElec   .            b - +0 cloak
rCorr   .            (no gloves)
SInv    .            r - +0 pair of boots
Will    .....        D - amulet of reflection
Stlth   ++++         s - +6 ring of dexterity
HPRegen 0.32/turn    P - ring of positive energy
MPRegen 0.28/turn

%: reflection
@: heroic
A: horns 1, slimy green scales 1, foul stench 1, magic regeneration
a: Renounce Religion, Heroism, Finesse


You were on level 9 of the Dungeon.
You worshipped Okawaru.
Okawaru was greatly pleased with you.
You visited 2 branches of the dungeon, and saw 10 of its levels.

You collected 533 gold pieces.

Inventory:

Hand Weapons
 M - a +2 dagger of venom
 T - a +1 short sword of draining (weapon)
 W - a +2 vampiric dagger
Missiles
 e - 3 boomerangs
 x - a silver boomerang
 G - 24 poisoned darts (quivered)
 O - 4 boomerangs of dispersal
 Q - 4 curare-tipped darts
Armour
 b - a +0 cloak (worn)
 d - +0 steam dragon scales (worn)
 r - a +0 pair of boots (worn)
 z - a +0 kite shield (worn)
Magical Staves
 y - a staff of cold
Jewellery
 s - a +6 ring of dexterity (left hand)
 D - an amulet of reflection (around neck)
 P - a ring of positive energy (right hand)
Wands
 A - a wand of mindburst (31)
 B - a wand of polymorph (15)
 C - a wand of flame (11)
 U - a wand of digging (4)
Scrolls
 f - a scroll of immolation
 g - 2 scrolls of magic mapping {unknown}
 h - 2 scrolls of noise {unknown}
 k - 2 scrolls of enchant armour {unknown}
 l - 8 scrolls of identify {unknown}
 m - a scroll of brand weapon {unknown}
 q - 7 scrolls of teleportation {unknown}
 t - a scroll of fear {unknown}
 v - 2 scrolls of vulnerability {unknown}
 w - a scroll of butterflies {unknown}
 E - a scroll of poison {unknown}
 J - a scroll of amnesia {unknown}
 L - a scroll of blinking {unknown}
 V - a scroll of enchant weapon {unknown}
Potions
 a - 2 potions of lignification {unknown}
 c - a potion of ambrosia
 i - 2 potions of degeneration {unknown}
 j - 3 potions of might {unknown}
 n - 2 potions of attraction {unknown}
 o - 5 potions of heal wounds
 p - a potion of cancellation {unknown}
 u - a potion of haste {unknown}
 H - 4 potions of curing {unknown}
 I - a potion of magic {unknown}
 K - a potion of mutation {unknown}
 N - 2 potions of brilliance
 S - a potion of resistance {unknown}
Miscellaneous
 F - a tin of tremorstones (2/2)


   Skills:
 + Level 5.5(10.5) Fighting
 + Level 5.6(11.2) Short Blades
 + Level 4.1(10.5) Long Blades
 + Level 4.0(9.0) Armour
 + Level 5.3(10.3) Dodging
 - Level 2.0(7.0) Stealth
 + Level 7.5(12.5) Shields
 * Level 6.4 Invocations
 * Level 2.1 Evocations


You had 9 spell levels left.
You didn't know any spells.
Your spell library contained the following spells:

 Spells                   Type           Power      Damage    Failure   Level
 Hailstorm                Conj/Ice       0%         3d3       93%         3
 Portal Projectile        Hex/Tloc       0%         N/A       93%         3
 Ice Form                 Ice/Tmut       0%         N/A       100%        4
 Petrify                  Tmut/Erth      0%         N/A       100%        4
 Blade Hands              Tmut           0%         N/A       100%        5
 Metabolic Englaciation   Hex/Ice        0%         N/A       100%        5
 Statue Form              Tmut/Erth      0%         N/A       100%        6
 Tukima's Dance           Hex            Unusable   N/A       N/A         3
 Simulacrum               Ice/Necr       Unusable   N/A       N/A         6

Dungeon Overview and Level Annotations

Branches:
Dungeon (9/15)             Temple (1/1) D:6
   Lair: D:8-11         Orc: D:9-12

Altars:
Ashenzari
Cheibriados
Dithmenos
Gozag
Hepliaklqana
Makhleb
Nemelex Xobeh
Okawaru
Qazlal
Ru
Sif Muna
Trog
Uskayaw
Vehumet
Wu Jian
Yredelemnul

Annotations:
D:9 Erolcha


Innate Abilities, Weirdness & Mutations

You have a pair of small horns on your head.
You are partially covered in slimy green scales. (AC +2)
You may rarely emit foul miasma when damaged in melee.
You regenerate magic rapidly.


Message History

The shadow flickers and vanishes!
Deactivating autopickup; reactivate with Ctrl-A.
The shadow strikes at you from the darkness!
Reactivating autopickup.
You hit the shadow.
The shadow is moderately damaged.
The shadow slips into darkness.
The shadow flickers and vanishes!
Deactivating autopickup; reactivate with Ctrl-A.
You hit something but do no damage.
The shadow strikes at you from the darkness!
Reactivating autopickup.
You hit the shadow.
You headbutt the shadow, but do no damage.
The shadow is moderately damaged.
You hit the shadow.
The shadow is severely damaged.
You block the shadow's attack.
You hit the shadow. You headbutt the shadow.
You destroy the shadow!
Okawaru accepts your kill.
Erolcha the Cunning comes into view.
She is wielding a +0 spectral giant spiked club.
Found 19 gold pieces.
Erolcha shouts!
Erolcha casts a spell at you.
The fireball explodes!
The fireball engulfs you!!
Erolcha drinks a potion.
Erolcha's spells are empowered!
Erolcha mumbles some strange words.
Erolcha blinks!
You closely miss Erolcha.
Erolcha gestures wildly while chanting.
Erolcha flickers and vanishes!
Deactivating autopickup; reactivate with Ctrl-A.
You hit something. You headbutt something. Something hits you!!
* * * LOW HITPOINT WARNING * * *
You block the +0 spectral giant spiked club's attack.
A +0 spectral giant spiked club comes into view.
You gain the combat prowess of a mighty hero.
You miss something. Something hits you!!
You die...

####
###########
#..#
#.........#
#..#
#.........#
#..#
#.........#
#..#
#.........#
###..#
#........$#
.....#
#.........#
.....#
#.(.......#
##...#
#.....@{..#
#...#
#.........#
##...#
#.........#
.....#
#.........#
.....#
#.........#
.....#
#.........#
.....#
#..######.#
###..# #..#
.# #..#
#..######.#


You could see a +0 spectral giant spiked club.

Vanquished Creatures
  A two-headed ogre (D:8)
  A manticore (D:7)
  A shadow (D:9)
  6 yaks
  A wyvern (D:9)
  A steam dragon (D:8)
  A water moccasin (D:6)
  A black bear (D:5)
  2 ice beasts (D:6)
  An ogre (D:6)
  3 centaurs
  A kobold brigand (D:8)
  2 bullfrogs
  3 gnoll sergeants
  7 scorpions
  A howler monkey (D:6)
  A jelly (D:7)
  2 hounds
  4 orc priests
  2 iguanas
  3 sleepcaps
  6 orc wizards
  11 adders
  17 gnolls
  A shadow imp (D:5)
  5 white imps
  An ufetubus (D:7)
  A worm (D:3)
  2 dart slugs (D:3)
  37 orcs
  13 ball pythons
  4 endoplasms
  5 giant cockroaches
  5 goblins
  10 hobgoblins
  12 jackals
  13 kobolds
  5 quokkas
  13 bats
  5 frilled lizards
  4 rats
  A spectral orc (D:7)
216 creatures vanquished.

Notes
Turn   | Place    | Note
-------+----------+-------------------------------------------
     0 | D:1      | monsoonserge the Demonspawn Monk began the quest for the
                  | Orb.
     0 | D:1      | Reached XP level 1. HP: 18/18 MP: 1/1
   256 | D:1      | Gained mutation: You may rarely emit foul miasma when
                  | damaged in melee. [demonic ancestry]
   256 | D:1      | Reached XP level 2. HP: 24/24 MP: 2/2
   281 | D:1      | Found a faded altar of an unknown god.
   640 | D:1      | Reached XP level 3. HP: 29/29 MP: 3/3
  1240 | D:2      | Gained mutation: You regenerate magic rapidly. [demonic
                  | ancestry]
  1240 | D:2      | Reached XP level 4. HP: 17/35 MP: 4/4
  1625 | D:3      | Found a hazy altar of Hepliaklqana.
  1830 | D:3      | Found a snail-covered altar of Cheibriados.
  2136 | D:3      | You fall into a shaft and drop 2 floors!
  2136 | D:5      | Entered Level 5 of the Dungeon
  2153 | D:5      | Reached XP level 5. HP: 42/42 MP: 5/5
  2179 | D:5      | Found an opulent altar of Gozag.
  2213 | D:5      | Reached skill level 1 in Armour
  2255 | D:4      | Found a sacrificial altar of Ru.
  2304 | D:4      | Reached skill level 1 in Short Blades
  2304 | D:4      | Reached skill level 1 in Stealth
  2304 | D:4      | Reached skill level 1 in Shields
  2304 | D:4      | Reached XP level 6. HP: 45/48 MP: 6/6
  2790 | D:4      | Identified the +1 quarterstaff "Socen" {flame, Stlth+}
  3008 | D:4      | Found a shadowy altar of Dithmenos.
  3209 | D:4      | Found an iron altar of Okawaru.
  3307 | D:5      | Reached skill level 2 in Shields
  3307 | D:5      | Reached skill level 1 in Evocations
  3324 | D:5      | Gained mutation: You have a pair of small horns on your
                  | head. [demonic ancestry]
  3324 | D:5      | Reached XP level 7. HP: 38/54 MP: 7/7
  3396 | D:5      | Reached skill level 3 in Shields
  4116 | D:5      | Reached skill level 4 in Shields
  4240 | D:5      | Gained mutation: You are partially covered in slimy green
                  | scales. (AC +2) [demonic ancestry]
  4240 | D:5      | Reached XP level 8. HP: 53/60 MP: 8/8
  4333 | D:4      | Became a worshipper of Warmaster Okawaru
  4333 | D:4      | Reached * piety under Okawaru
  4333 | D:4      | Reached ** piety under Okawaru
  4563 | D:6      | Found a staircase to the Ecumenical Temple.
  4585 | Temple   | Entered the Ecumenical Temple
  4741 | D:6      | Reached skill level 1 in Invocations
  5310 | D:6      | Reached skill level 5 in Shields
  5642 | D:7      | Noticed a manticore
  5658 | D:7      | Killed a manticore
  5658 | D:7      | Reached *** piety under Okawaru
  5659 | D:7      | Reached XP level 9. HP: 35/67 MP: 11/11
  5677 | D:7      | Reached skill level 5 in Fighting
  6179 | D:7      | Found a basalt altar of Yredelemnul.
  6347 | D:8      | Reached skill level 6 in Shields
  6633 | D:8      | Noticed a two-headed ogre
  6650 | D:8      | Killed a two-headed ogre
  6650 | D:8      | Received a gift from Okawaru
  6651 | D:8      | Reached skill level 5 in Short Blades
  6651 | D:8      | Reached skill level 5 in Invocations
  7271 | D:9      | Found a burning altar of Makhleb.
  7273 | D:9      | Identified the +9 flail of Analysis {pain, rPois Stlth+}
  7490 | D:9      | Reached skill level 5 in Dodging
  7493 | D:9      | Reached skill level 7 in Shields
  7573 | D:8      | Reached XP level 10. HP: 71/74 MP: 14/14
  7610 | D:8      | Reached **** piety under Okawaru
  7960 | D:9      | Noticed Erolcha
  7970 | D:9      | Demolished by Erolcha

Illustrated notes

Levels and vault maps discovered:
D:1:      matt_arrival_los_fun, layout_basic, hellmonk_ecumenical_altar_blasted,
          st_stairs_4, minmay_split_cup_large
D:2:      layout_basic, minmay_bisected
D:3:      layout_basic, kennysheep_slug_shrine, mainiacjoe_overflow_paths
D:4:      layout_loops_ring, okawaru_altar_gauntlet_db,
          mainiacjoe_overflow_six_doors_small, kennysheep_mini_moat
D:5:      layout_basic, mainiacjoe_overflow_boulevard,
          nicolae_gozag_seed_capital
D:6:      layout_basic, minmay_temple_entry_nine_rooms
D:7:      layout_basic, yredelemnul_forgotten_temple_becter
D:8:      layout_loops_ring
D:9:      layout_small_grid, lemuel_mausoleum_altar_kikubaaqudgha,
          mainiacjoe_overflow_catwalk, minivault_14, uniq_erolcha
Temple:   dpeg_three_leaves_temple

Skill      XL: |  1  2  3  4  5  6  7  8  9 10 |
---------------+-------------------------------+-----
Long Blades    | 3 4 |  4.1
Dodging        | 3 4 5 |  5.3
Armour         | 1 2 3 4 |  4.0
Short Blades   | 1 2 3 4 5 |  5.6
Stealth        | 1 2 |  2.0
Shields        | 1 2 4 5 7 |  7.5
Fighting       | 4 5 |  5.5
Evocations     | 1 2 |  2.1
Invocations    | 3 6 |  6.4

Action                     |  1- 3 |  4- 6 |  7- 9 | 10-12 || total
---------------------------+-------+-------+-------+-------++-------
  Melee: Falchion          |   106 |    37 |       |       ||   143
         Short sword       |       |   277 |   413 |    55 ||   745
         Headbutt          |       |       |   154 |    19 ||   173
         Dagger            |       |       |   101 |       ||   101
 Invoke: Heroism           |       |       |     1 |     1 ||     2
   Stab: Sleeping          |     1 |     1 |     2 |       ||     4
         Distracted        |       |     1 |       |       ||     1
 Armour: Robe              |    16 |       |       |       ||    16
         Leather armour    |    15 |     7 |       |       ||    22
         Ring mail         |       |    40 |       |       ||    40
         Scale mail        |       |    46 |   100 |       ||   146
         Steam dragon scal |       |       |     6 |     1 ||     7
  Dodge: Dodged            |    81 |    82 |   115 |    18 ||   296
  Block: Kite shield       |       |   183 |   391 |    43 ||   617
         Reflection        |       |     5 |    13 |       ||    18
